 Dungeon Crawl Stone Soup version 0.30-a0-365-ge7f957f1db (webtiles) character file.

Game seed: 11830638468536550056

1059 zishaf the Sneak (level 8, -2/42 HPs)
             Began as a Vine Stalker Brigand on Nov 16, 2022.
             Was a Believer of Uskayaw.
             Slain by a two-headed ogre
             ... wielding a +0 giant club
              (12 damage)
             ... on level 6 of the Dungeon.
             The game lasted 00:08:21 (4104 turns).

zishaf the Sneak (Vine Stalker Brigand)             Turns: 4104, Time: 00:08:24

Health: -2/42      AC: 15    Str: 14    XL:     8   Next: 27%
Magic:  0/12       EV: 10    Int: 11    God:    Uskayaw [**....]
Gold:   343        SH:  5    Dex: 18    Spells: 7/7 levels left

rFire   . . .      SeeInvis +    h - +2 dagger (protect)
rCold   . . .      Faith    .    (no shield)
rNeg    . . .      Spirit   +    t - +0 ring mail
rPois   .          Reflect  +    x - +0 helmet
rElec   .          Harm     .    c - +1 cloak
rCorr   +          Rampage  .    (no gloves)
Will    +....                    (no boots)
Stlth   ++........               q - amulet of reflection
HPRegen 1.07/turn                w - ring of see invisible
MPRegen 0.13/turn                y - ring of resist corrosion

@: under a protective aura
A: fangs 3, regeneration 1, magic shield, antimagic bite, no potion heal 2
a: Renounce Religion, Stomp, Line Pass


You were on level 6 of the Dungeon.
You worshipped Uskayaw.
Uskayaw was noncommittal.
You visited 2 branches of the dungeon, and saw 7 of its levels.

You collected 343 gold pieces.

Inventory:

Hand Weapons
 a - a +2 dagger
 h - a +2 dagger of protection (weapon)
Missiles
 d - 8 poisoned darts
 j - 4 throwing nets
Armour
 b - a +0 robe
 c - a +1 cloak (worn)
 t - a +0 ring mail (worn)
 x - a +0 helmet (worn)
Jewellery
 m - a ring of ice
 q - an amulet of reflection (around neck)
 w - a ring of see invisible (left hand)
 y - a ring of resist corrosion (right hand)
Wands
 l - a wand of flame (3)
 o - a wand of mindburst (2) (quivered)
Scrolls
 u - 2 scrolls of magic mapping
Potions
 f - 9 potions of curing
 g - a potion of lignification
 i - 3 potions of invisibility
 k - 2 potions of cancellation
 n - a potion of might {unknown}
 p - 2 potions of ambrosia
 r - a potion of resistance
 s - 3 potions of attraction
 v - a potion of mutation {unknown}


   Skills:
 + Level 4.9 Fighting
 + Level 4.9 Short Blades
 - Level 2.0 Throwing
 - Level 1.0 Dodging
 + Level 5.0 Stealth
 * Level 4.2 Invocations
 - Level 3.0 Evocations


You had 7 spell levels left.
You didn't know any spells.
Your spell library contained the following spells:

 Spells                   Type           Power      Damage    Failure   Level
 Hailstorm                Conj/Ice       0%         3d3       91%         3
 Ice Form                 Ice/Tmut       0%         N/A       100%        4
 Simulacrum               Ice/Necr       0%         N/A       100%        6


Dungeon Overview and Level Annotations

Branches:
Dungeon (6/15)             Temple (1/1) D:5

Altars:
Ashenzari
Cheibriados
Fedhas
Gozag
Kikubaaqudgha
Makhleb
Okawaru
Qazlal
Ru
Sif Muna
Trog
Uskayaw
Wu Jian
Xom
Zin
The Shining One

Shops:
D:4 =


Innate Abilities, Weirdness & Mutations

You have razor-sharp teeth.
Your natural rate of healing is unusually fast.
When hurt, damage is shared between your health and your magic reserves.
Your bite disrupts and absorbs the magic of your enemies.
Potions cannot restore your health.


Message History

The two-headed ogre resists with significant effort.
The two-headed ogre is no longer moving slowly.
Aiming: Mindburst
Press: ? - help, Q - select action, (/) - cycle Shift-Dir - straight line, f/p - two-headed ogre
Aim: a two-headed ogre, wielding two +0 giant clubs (heavily wounded, poisoned, chance to affect: 60%)
The two-headed ogre's minds are blasted!
The two-headed ogre barely misses you.
The two-headed ogre hits you with a +0 giant club.
You can now pass through a line of other dancers.
You hit the two-headed ogre but do no damage.
Your weapon exudes an aura of protection.
The two-headed ogre is severely wounded.
You hit the two-headed ogre but do no damage.
The two-headed ogre is severely wounded.
The two-headed ogre closely misses you. You block the two-headed ogre's attack.
You barely miss the two-headed ogre.
The two-headed ogre is severely wounded.
You barely miss the two-headed ogre. You bite the two-headed ogre.
You drain its power.
You feel invigorated.
The two-headed ogre is severely wounded.
The two-headed ogre hits you with a +0 giant club!!
The two-headed ogre barely misses you.
You hit the two-headed ogre. Your bite misses the two-headed ogre.
The two-headed ogre is almost dead.
You hit the two-headed ogre but do no damage.
Your bite misses the two-headed ogre.
The two-headed ogre is almost dead.
The two-headed ogre closely misses you.
The two-headed ogre hits you with a +0 giant club.
You hit the two-headed ogre. You bite the two-headed ogre. You drain its power.
You feel invigorated.
The two-headed ogre is almost dead.
You barely miss the two-headed ogre.
You bite the two-headed ogre, but do no damage.
The two-headed ogre is almost dead.
The two-headed ogre looks more healthy.
The two-headed ogre hits you with a +0 giant club!!
* * * LOW HITPOINT WARNING * * *
The two-headed ogre hits you with a +0 giant club!
You die...

#.# #.#..... #.#
#.#.#..# #.# #.#.#..#
#.# #.#.#... #.#
#.#.#... #.# #.#.#..#
#.# #.#.#..#
#.############.#.....
#...@O...(...(.......
##############.......
######.# #.# #.# #.#
#.# #..


You could see a two-headed ogre.

Vanquished Creatures
  2 black bears
  A bullfrog (D:6)
  A necrophage (D:6)
  3 wights (D:6)
  A howler monkey (D:5)
  3 hounds
  An orc priest (D:3)
  Natasha (thrice) (D:3)
  3 iguanas (D:5)
  An orc wizard (D:3)
  10 gnolls
  7 adders
  An ufetubus (D:5)
  A worm (D:3)
  4 dart slugs
  9 orcs
  3 bats (D:1)
  7 endoplasms
  3 giant cockroaches
  5 hobgoblins
  4 jackals
  2 quokkas
  17 ball pythons
  4 goblins
  4 kobolds
  4 rats
104 creatures vanquished.

Notes
Turn   | Place    | Note
-------+----------+-------------------------------------------
     0 | D:1      | zishaf the Vine Stalker Brigand began the quest for the
                  | Orb.
     0 | D:1      | Reached XP level 1. HP: 11/11 MP: 2/2
   327 | D:1      | Reached skill level 1 in Dodging
   327 | D:1      | Reached XP level 2. HP: 15/15 MP: 3/3
   343 | D:1      | Reached skill level 5 in Stealth
   797 | D:1      | Reached XP level 3. HP: 13/18 MP: 4/4
  1195 | D:2      | Gained mutation: Your natural rate of healing is unusually
                  | fast. [Vine Stalker growth]
  1195 | D:2      | Reached XP level 4. HP: 23/23 MP: 5/5
  1886 | D:3      | Reached XP level 5. HP: 21/28 MP: 4/6
  1950 | D:3      | Reached skill level 1 in Evocations
  2043 | D:3      | Noticed Natasha
  2066 | D:3      | Killed Natasha
  2130 | D:3      | Noticed Natasha
  2140 | D:3      | Killed Natasha
  2161 | D:3      | Reached XP level 6. HP: 32/32 MP: 7/7
  2327 | D:3      | Noticed Natasha
  2344 | D:3      | Killed Natasha
  2559 | D:4      | Found Qetemem's Jewellery Shop.
  2724 | D:4      | Found a broken altar of Ashenzari.
  2942 | D:5      | Entered Level 5 of the Dungeon
  2948 | D:5      | Found a staircase to the Ecumenical Temple.
  2964 | Temple   | Entered the Ecumenical Temple
  2978 | Temple   | Became a worshipper of Uskayaw the Reveller
  2997 | D:5      | Reached * piety under Uskayaw
  3127 | D:5      | Reached ** piety under Uskayaw
  3143 | D:5      | Reached skill level 1 in Invocations
  3143 | D:5      | Reached XP level 7. HP: 37/37 MP: 8/8
  3629 | D:6      | Reached *** piety under Uskayaw
  3793 | D:6      | Gained mutation: You have razor-sharp teeth. [Vine Stalker
                  | growth]
  3793 | D:6      | Reached XP level 8. HP: 40/42 MP: 11/11
  4068 | D:6      | Noticed a two-headed ogre
  4104 | D:6      | Slain by a two-headed ogre

Illustrated notes

Levels and vault maps discovered:
D:1:      matt_arrival_refuge, layout_basic
D:2:      layout_basic
D:3:      layout_rooms, uniq_natasha
D:4:      layout_rooms, nicolae_ashenzari_panopticon, serial_shops, shop
D:5:      layout_rooms, minmay_temple_entry_hall, serial_bayou_pond_c
D:6:      layout_loops_ring, grunt_dithmenos_smoke_and_mirrors
Temple:   hellmonk_temple_two_chambers

Skill      XL: |  1  2  3  4  5  6  7  8 |
---------------+-------------------------+-----
Dodging        | 1 |  1.0
Stealth        | 5 |  5.0
Short Blades   | 2 3 4 |  4.9
Throwing       | 2 |  2.0
Fighting       | 2 3 4 |  4.9
Evocations     | 1 2 3 |  3.0
Invocations    | 1 3 4 |  4.2

Action                   |  1- 3 |  4- 6 |  7- 9 || total
-------------------------+-------+-------+-------++-------
Melee: Dagger            |    72 |   234 |   163 ||   469
       Bite              |    14 |    65 |    68 ||   147
       Punch             |       |     2 |     3 ||     5
Throw: Dart              |    12 |    10 |    12 ||    34
Evoke: Wand              |       |       |     4 ||     4
  Use: Scroll            |       |    10 |     4 ||    14
 Stab: Sleeping          |    10 |     6 |       ||    16
       Distracted        |       |     1 |       ||     1
       Paralysed         |       |       |     1 ||     1
Armor: Robe              |    12 |    11 |       ||    23
       Ring mail         |       |    41 |    51 ||    92
Dodge: Dodged            |    63 |    74 |    73 ||   210
Block: Other             |     1 |    54 |    28 ||    83
       Reflection        |       |     1 |       ||     1

Table legend: (Time is in decaauts)
 A = Elapsed time spent in this place.
 B = Non-inter-level travel time spent in this place.
 C = Inter-level travel time spent in this place.
 D = Time resting spent in this place.
 E = Time spent auto-exploring this place.
 F = Levels seen in this place.
 G = Mean time per level.
                   A        B        C        D        E       F      G
               +--------+--------+--------+--------+--------+-----+--------+
         Total |   4019 |   3905 |    114 |    108 |   2743 |   7 |  574.1 |
       Dungeon |   4000 |   3886 |    114 |    108 |   2736 |   6 |  666.7 |
        Temple |     18 |     18 |      0 |      0 |      7 |   1 |   18.0 |
               +--------+--------+--------+--------+--------+-----+--------+

Top non-repeatable levels by time:
     D:2: 903 daAuts
     D:1: 862 daAuts
     D:5: 625 daAuts
     D:3: 594 daAuts
     D:4: 535 daAuts
     D:6: 479 daAuts
  Temple: 18 daAuts
